cohdb
Replays
Latest Replays
All Replays
Popular Replays
Top Player Replays
Match Explorer
How It Works
Community
CoH3 Stats
Reddit
Sign in to upload your games and track your stats! →
Sign in with Steam
Match 39939533
Unlisted
Match 39939533
Overview
Messages
Build Orders
End
Selects Special Operations Battlegroup
Selects M29 Weasel Recon Vehicle
M29 Weasel Recon Vehicle
Construct Weapon Support Center
M1919 Machine Gun Team
Engineer Squad
M1919 Machine Gun Team
Infantry Support Center
Construct Medical Station
Selects Raiding Flares
Engineer Squad
Selects SSF Commando Squad
SSF Commando Squad
Construct Tank Depot
SSF Commando Squad
M4A1 Sherman Medium Tank
SSF Commando Squad
Selects Air Re-supply Operation
Air Re-Supply Operation
M4A1 Sherman Medium Tank
M4A1 Sherman Medium Tank
Improved M9 Bazooka Rockets
M18 Hellcat Tank Destroyer
Selects P-47 Anti-Infantry Loiter
Selects UNKNOWN (2162291)
P-47 Anti-Infantry Loiter
M4A1 Sherman Whizbang
Advanced Logistics
Raiding Flares
P-47 Anti-Infantry Loiter
Survival Training
Raiding Flares
SSF Commando Squad
P-47 Anti-Infantry Loiter
M4A1 Sherman Whizbang
severedhand
^3
0
0
Comments
sign in to comment!
No comments posted yet!